 Dungeon Crawl Stone Soup version 0.20.1-1-g8b1a95d (webtiles) character file.

2034 Internecine the Skirmisher (level 9, -3/111 HPs)
             Began as a Demonspawn Wanderer on Sept 25, 2017.
             Was a Follower of Dithmenos.
             Slain by Internecine's ghost (7 damage)
             ... on level 7 of the Dungeon.
             The game lasted 01:43:01 (6944 turns).

Internecine the Skirmisher (Demonspawn Wanderer)    Turns: 6944, Time: 01:43:05

Health: -3/111     AC: 24    Str: 18    XL:     9   Next: 3%
Magic:  9/9        EV:  2    Int: 12    God:    Dithmenos [*.....]
Gold:   97         SH:  0    Dex: 22    Spells: 3/8 levels left

rFire    . . .     SeeInvis .   F - +2 whip (venom)
rCold    . . .     Gourm    .   (no shield)
rNeg     + + +     Faith    .   (armour currently unavailable)
rPois    +         Spirit   .   (helmet currently unavailable)
rElec    .         Reflect  .   (cloak currently unavailable)
rCorr    .         Harm     .   (gloves currently unavailable)
MR       +....     Clarity  +   (boots currently unavailable) Stlth ++++......NoTele +
                                (no amulet)
Regen    1.3/turn               Q - ring of protection from magic
MPRegen  0.2/turn               (no ring)

@: mighty, agile, tree-form, wreathed by umbra
A: blurry vision 1, clarity, powered by death 1, powered by pain 1, wild magic 1
a: Renounce Religion


You were on level 7 of the Dungeon.
You worshipped Dithmenos.
Dithmenos was aware of your devotion.
You were not hungry.
You were a tree.
You visited 1 branch of the dungeon, and saw 7 of its levels.

You collected 233 gold pieces.
You spent 136 gold pieces at shops.

Inventory:

Hand Weapons
 a - a +2 hand crossbow
 i - a cursed +0 war axe
 n - a +0 mace
 o - a +0 hand axe
 t - a +0 trident
 u - a cursed -2 whip
 v - a +0 shortbow
 y - a +0 short sword
 F - a +2 whip of venom (weapon)
 I - a +0 war axe
 J - a +0 hand axe
 K - a +0 short sword
 L - a +0 flail
 T - a +0 hunting sling
 U - a +0 shortbow
 W - a +0 quarterstaff
 Y - a +0 falchion
 Z - a +0 short sword
Missiles
 b - 44 bolts
 l - 76 stones (quivered)
 m - 7 tomahawks
 s - a throwing net
 A - 162 arrows
 G - 14 sling bullets
Armour
 d - a +0 scale mail
 e - a +0 leather armour
 f - a +0 leather armour
 k - a +0 cloak (melded)
 r - a +0 robe
 z - a +0 ring mail
 C - a +0 chain mail
 N - a +0 leather armour (melded)
 O - a +0 scale mail
Magical Staves
 S - an uncursed staff of summoning
Jewellery
 Q - a ring of protection from magic (left branch)
Wands
 p - a wand of paralysis (2/24)
 H - a wand of acid (3/15)
Scrolls
 q - a scroll of magic mapping
 w - 2 scrolls of blinking
 x - 2 scrolls of teleportation
 B - 2 scrolls of enchant armour
 E - 2 scrolls of recharging
Potions
 D - a potion of might
 V - a potion of brilliance
Books
 P - a book of Frost

   Spells                             Type                      Level
   a - Freeze                         Ice                          1
   b - Throw Frost                    Conjuration/Ice              2
   c - Ozocubu's Armour               Charms/Ice                   3
   d - Throw Icicle                   Conjuration/Ice              4
   e - Summon Ice Beast               Ice/Summoning                4
 R - a book of Callings

   Spells                             Type                      Level
   a - Summon Small Mammal            Summoning                    1
   b - Call Imp                       Summoning                    2
   c - Call Canine Familiar           Summoning                    3
   d - Summon Guardian Golem          Hexes/Summoning              3
   e - Summon Lightning Spire         Summoning/Air                4
   f - Summon Ice Beast               Ice/Summoning                4
Comestibles
 c - 9 fruits
 g - 4 bread rations
 M - 5 royal jellies


   Skills:
 + Level 7.8 Fighting
 + Level 3.5 Maces & Flails
 + Level 7.1 Crossbows
 + Level 1.5 Throwing
 + Level 3.8 Armour
 + Level 1.5 Dodging
 + Level 2.4 Stealth
 + Level 0.2 Evocations


You had 3 spell levels left.
You knew the following spells:

 Your Spells              Type           Power        Failure   Level  Hunger
a - Throw Frost           Conj/Ice       #.....       54%         2    ###....
b - Ozocubu's Armour      Chrm/Ice       #.......     77%         3    ####...


Dungeon Overview and Level Annotations

Branches:
Dungeon (7/15)             Temple (0/1) D:5

Altars:
Dithmenos

Shops:
D:5 *

Annotations:
D:7 Internecine's ghost, novice DEFE


Innate Abilities, Weirdness & Mutations

((You have a pair of horns on your head.))
((You have sharp toenails.))
You regenerate a little health from kills.
You sometimes gain a little power by taking damage.
Scrolls take you a little longer to read.
You possess an exceptional clarity of mind.
Your spells are a little harder to cast, but a little more powerful.


Message History

The orc priest looks braver for a moment.
Internecine's ghost hits you but does no damage.
That item cannot be evoked!
Aiming: Corrosive Bolt
Press: ? - help, Shift-Dir - straight line, f - howler monkey
Aim: a howler monkey The bolt of acid misses the orc warrior.
The bolt of acid hits the orc priest.
The orc priest is splashed with acid.
The acid corrodes the orc priest!
You kill the orc priest!
Dithmenos accepts your kill.
The bolt of acid hits the howler monkey.
The howler monkey is splashed with acid.
You kill the howler monkey!
Dithmenos accepts your kill.
This wand has 3 charges left.
You hear a howl!
The orc warrior hits you but does no damage.
Internecine's ghost hits you!
You die...

h# h# ##.# ...##
..(.# ....#
#########))..###
.(....W♣oo....(.
###((.###....###
##. ##### +


You could see an orc warrior, Internecine's ghost and an orc.

Vanquished Creatures
  An ice beast (D:6)
  2 ogres (D:6)
  2 phantoms (D:4)
  2 centaurs (D:6)
  6 bullfrogs
  2 scorpions (D:5)
  2 howler monkeys
  A centaur zombie (D:6)
  A hound (D:6)
  3 centaur skeletons
  5 orc wizards
  5 orc priests
  3 iguanas
  3 worker ants
  A killer bee zombie (D:6)
  A hound zombie (D:5)
  2 hound skeletons
  A howler monkey skeleton (D:6)
  9 adders
  An ooze (D:3)
  An adder skeleton (D:4)
  3 worms
  A dart slug (D:4)
  A leopard gecko (D:3)
  22 orcs
  6 bats
  3 giant cockroaches
  10 goblins
  8 hobgoblins
  12 jackals
  3 quokkas
  A ball python (D:3)
  8 frilled lizards
  6 kobolds
  A leopard gecko skeleton (D:6)
  A quokka skeleton (D:6)
  5 rats
145 creatures vanquished.

Notes
Turn   | Place    | Note
-------+----------+-------------------------------------------
     0 | D:1      | Internecine the Demonspawn Wanderer began the quest for the Orb.
     0 | D:1      | Internecine set off with: a +2 hand crossbow, 26 bolts, a potion of lignification, a potion of curing, a +0 robe, a +0 dagger, a bread ration
     0 | D:1      | Reached XP level 1. HP: 21/21 MP: 1/1
     8 | D:1      | Noticed a queen ant
     8 | D:1      | Noticed a komodo dragon
     9 | D:1      | Noticed a fire giant
   265 | D:1      | Gained mutation: You have sharp toenails. [demonic ancestry]
   265 | D:1      | Reached XP level 2. HP: 27/27 MP: 2/2
   637 | D:1      | Reached XP level 3. HP: 33/33 MP: 3/3
  1914 | D:3      | Gained mutation: You sometimes gain a little power by taking damage. [demonic ancestry]
  1914 | D:3      | Reached XP level 4. HP: 35/40 MP: 4/4
  2533 | D:3      | Reached skill level 1 in Maces & Flails
  2871 | D:3      | Gained mutation: You regenerate a little health from kills. [demonic ancestry]
  2871 | D:3      | Reached XP level 5. HP: 46/46 MP: 5/5
  3331 | D:4      | Reached skill level 1 in Throwing
  3349 | D:4      | Gained mutation: Scrolls take you a little longer to read. [potion of mutation]
  3349 | D:4      | Gained mutation: Your spells are a little harder to cast, but a little more powerful. [potion of mutation]
  3349 | D:4      | Gained mutation: You possess an exceptional clarity of mind. [potion of mutation]
  3431 | D:4      | Gained mutation: You have a pair of small horns on your head. [demonic ancestry]
  3431 | D:4      | Reached XP level 6. HP: 14/52 MP: 6/6
  3796 | D:4      | Found a shadowy altar of Dithmenos.
  3825 | D:4      | Reached XP level 7. HP: 59/59 MP: 7/7
  3891 | D:4      | Became a worshipper of Dithmenos the Shadowed
  4306 | D:5      | Entered Level 5 of the Dungeon
  4306 | D:5      | Found Qeawkase's General Store.
  4312 | D:5      | Reached skill level 1 in Dodging
  4380 | D:5      | Bought a scroll of enchant armour for 97 gold pieces
  4380 | D:5      | Bought a scroll of teleportation for 39 gold pieces
  4385 | D:5      | Reached skill level 5 in Crossbows
  4536 | D:5      | Found a staircase to the Ecumenical Temple.
  4921 | D:5      | Reached XP level 8. HP: 67/67 MP: 8/8
  5019 | D:5      | Learned a level 2 spell: Throw Frost
  5023 | D:5      | Learned a level 3 spell: Ozocubu's Armour
  5937 | D:6      | Reached * piety under Dithmenos
  6934 | D:7      | Gained mutation: You have a pair of horns on your head. [demonic ancestry]
  6934 | D:7      | Reached XP level 9. HP: 61/73 MP: 9/9
  6939 | D:7      | Noticed Internecine's ghost (novice DEFE)
  6942 | D:7      | HP: 4/109 [Internecine's ghost (5)]
  6944 | D:7      | Slain by Internecine's ghost

Skill      XL: |  1  2  3  4  5  6  7  8 |
---------------+-------------------------+-----
Crossbows      | 2 3 4 5 7 |  7.1
Stealth        | 2 |  2.4
Maces & Flails | 1 2 3 |  3.5
Fighting       | 6 7 |  7.8
Throwing       | 1 |  1.5
Armour         | 2 3 |  3.8
Dodging        | 1 |  1.5
Evocations     | |  0.2

Action                   |  1- 3 |  4- 6 |  7- 9 || total
-------------------------+-------+-------+-------++-------
Melee: Whip              |     5 |   139 |    31 ||   175
       Kick              |     1 |    33 |     9 ||    43
       Headbutt          |       |       |     5 ||     5
 Fire: Hand crossbow     |    77 |    77 |   154 ||   308
Throw: Stone             |       |    66 |     1 ||    67
Evoke: Wand              |       |       |     6 ||     6
  Use: Scroll            |     3 |     8 |     6 ||    17
       Potion            |       |     8 |     1 ||     9
  Eat: Chunk             |     1 |     3 |     1 ||     5
       Bread ration      |     1 |       |       ||     1
       Meat ration       |       |       |     2 ||     2
Armor: Robe              |     1 |       |       ||     1
       Leather armour    |     7 |    12 |    17 ||    36
       Chain mail        |     1 |    81 |    17 ||    99
       Skin              |       |    33 |     6 ||    39
Dodge: Dodged            |    14 |    72 |    49 ||   135
